 Dungeon Crawl Stone Soup version 0.31-a0-431-g88bdf31460 (webtiles) character file.

Game seed: 16549798467193961554

861 randomguy2701 the Cleaver (level 7, -5/61 HPs)
             Began as a Minotaur Fighter on July 31, 2023.
             Slain by a water moccasin (8 damage)
             ... on level 5 of the Dungeon.
             The game lasted 00:03:41 (4107 turns).

randomguy2701 the Cleaver (Minotaur Fighter)        Turns: 4107, Time: 00:03:43

Health: -5/61      AC: 12    Str: 21    XL:     7   Next: 71%
Magic:  6/6        EV:  6    Int:  5    God:
Gold:   279        SH:  5    Dex: 11    Spells: 6/6 levels left

rFire   . . .        a - +0 war axe
rCold   . . .        c - +0 buckler
rNeg    . . .        i - +0 plate armour
rPois   .            (helmet restricted)
rElec   .            (no cloak)
rCorr   .            (no gloves)
SInv    .            (no boots)
Will    .....        (no amulet) Stlth
                     (no ring)
HPRegen 0.30/turn    (no ring)
MPRegen 0.10/turn

%: no passive effects
@: no status effects
A: horns 2, retaliatory headbutt
a: no special abilities


You were on level 5 of the Dungeon.
You visited 1 branch of the dungeon, and saw 5 of its levels.

You collected 279 gold pieces.

Inventory:

Hand Weapons
 a - a +0 war axe (weapon)
Missiles
 s - a throwing net
Armour
 c - a +0 buckler (worn)
 i - a +0 plate armour (worn)
Jewellery
 u - a ring of poison resistance
 v - a +5 ring of evasion
 y - a ring of ice
Scrolls
 b - 2 scrolls of identify {unknown}
 e - 3 scrolls of teleportation {unknown}
 g - a scroll of poison {unknown}
 l - a scroll of vulnerability {unknown}
 m - a scroll of fog {unknown}
 o - 2 scrolls of revelation {unknown}
 r - 3 scrolls of fear {unknown}
 x - a scroll of noise {unknown}
 A - a scroll of silence {unknown}
Potions
 d - a potion of might
 f - 3 potions of mutation {unknown}
 h - a potion of degeneration {unknown}
 j - 5 potions of haste {unknown}
 k - a potion of brilliance {unknown}
 n - 2 potions of curing {unknown}
 p - 2 potions of lignification {unknown}
 q - a potion of resistance {unknown}
 t - a potion of enlightenment {unknown}
 w - a potion of invisibility {unknown}
 z - 2 potions of attraction {unknown}


   Skills:
 + Level 5.0 Fighting
 + Level 8.1 Axes
 + Level 6.0 Armour
 + Level 0.2 Dodging
 + Level 0.2 Stealth
 + Level 5.1 Shields


You had 6 spell levels left.
You didn't know any spells.
Your spell library contained the following spells:

 Spells                   Type           Power      Damage    Failure   Level
 Magic Dart               Conj           0%         1d3       100%        1
 Poisonous Vapours        Pois/Air       0%         N/A       100%        2
 Searing Ray              Conj           0%         2d4       100%        2
 Mephitic Cloud           Conj/Pois/Air  0%         N/A       100%        3
 Tukima's Dance           Hex            0%         N/A       100%        3
 Vhi's Electric Charge    Tloc/Air       0%         N/A       100%        3
 Fulminant Prism          Conj/Hex       0%         3d5       100%        4
 Passage of Golubria      Tloc           0%         N/A       100%        4
 Arcjolt                  Conj/Air       0%         1d10      100%        5
 Freezing Cloud           Conj/Ice/Air   0%         6-21      100%        5
 Yara's Violent Unravell  Hex/Tmut       0%         3d3       100%        5
 Plasma Beam              Fire/Air       0%         2x1d10    100%        6


Dungeon Overview and Level Annotations

Branches:
Dungeon (5/15)
 Temple: D:4-7

Altars:
Makhleb

Shops:
D:1 !   D:3 ?   D:5 !

Annotations:
D:3 3 runed translucent doors, XomNomNom's ghost, amateur HOMo
D:4 2 runed translucent doors, Crazy Yiuf; hotbaconsauce's ghost, amateur MiFi


Innate Abilities, Weirdness & Mutations

You have a pair of horns on your head.
You reflexively headbutt those who attack you in melee.


Message History

The water moccasin bites you but does no damage. x2
You closely miss the water moccasin.
Your headbutt misses the water moccasin.
The water moccasin is heavily wounded.
The water moccasin bites you but does no damage.
The orc priest invokes the aid of Beogh against you.
Beogh smites you!
You hear a shout!
You miss the water moccasin.
The water moccasin is heavily wounded.
The water moccasin bites you. x2
* * * LOW HITPOINT WARNING * * *
An orc priest comes into view. It is wielding a +0 short sword.
You hit the water moccasin but do no damage.
The water moccasin is heavily wounded.
The water moccasin barely misses you.
The orc priest miscasts a cantrip.
The gnoll hits you but does no damage. The water moccasin bites you.
* * * LOW HITPOINT WARNING * * *
You closely miss the water moccasin.
The water moccasin is heavily wounded.
The water moccasin bites you but does no damage.
The orc priest looks encouraged for a moment.
The gnoll barely misses you.
You barely miss the water moccasin. You headbutt the water moccasin!
The water moccasin is severely wounded.
You block the water moccasin's attack.
The orc priest looks satisfied for a moment.
The orc priest looks encouraged for a moment.
The gnoll hits you from afar with a +0 spear.
* * * LOW HITPOINT WARNING * * *
The water moccasin bites you but does no damage.
You hit the water moccasin.
Your headbutt misses the water moccasin.
The water moccasin is severely wounded.
The orc priest invokes the aid of Beogh against you.
Beogh smites you!
* * * LOW HITPOINT WARNING * * *
The water moccasin bites you!
You die...

## .## .####...#.
#.....#...
.#.##...# .......##
##.##### #.#
#.################
#.†............@.#
#################S#
######## #g#
..)g)g.#


#gg ######.# #oo# # #.# .... ggg ..... ..... #..## #....## #..# You could see a
water moccasin, an orc priest, 3 gnolls and an orc.

Vanquished Creatures
  A black bear (D:4)
  A phantom (D:4)
  A bullfrog (D:5)
  A gnoll sergeant (D:5)
  A scorpion (D:4)
  2 hounds (D:5)
  An orc priest (D:3)
  3 iguanas
  Jessica (D:3)
  A gnoll bouda (D:4)
  An orc wizard (D:3)
  11 gnolls
  4 adders
  A white imp (D:4)
  3 ufetubi
  5 worms
  3 dart slugs
  4 orcs
  3 bats (D:1)
  9 endoplasms
  2 giant cockroaches
  6 hobgoblins
  4 jackals
  6 kobolds
  5 quokkas
  3 ball pythons
  9 goblins
  5 rats
97 creatures vanquished.

Notes
Turn   | Place    | Note
-------+----------+-------------------------------------------
     0 | D:1      | randomguy2701 the Minotaur Fighter began the quest for the
                  | Orb.
     0 | D:1      | Reached XP level 1. HP: 19/19 MP: 0/0
    93 | D:1      | Reached XP level 2. HP: 27/27 MP: 1/1
   181 | D:1      | Found Tashred's Distillery.
   766 | D:2      | Reached skill level 3 in Axes
   769 | D:2      | Reached XP level 3. HP: 30/33 MP: 2/2
   950 | D:2      | Identified the +0 sling of Embarrassment {freeze, Int+2}
  1398 | D:3      | Reached XP level 4. HP: 36/40 MP: 3/3
  1665 | D:3      | Noticed XomNomNom's ghost (amateur HOMo)
  1691 | D:3      | Noticed Jessica
  1700 | D:3      | Killed Jessica
  1701 | D:3      | Reached skill level 4 in Axes
  1817 | D:3      | Found a runed translucent gate.
  1817 | D:3      | Found a runed translucent gate.
  1817 | D:3      | Found a runed translucent gate.
  1897 | D:3      | Reached skill level 5 in Axes
  1897 | D:3      | Reached XP level 5. HP: 38/46 MP: 4/4
  1935 | D:3      | Found Zoh Ikla's Magic Scroll Shoppe.
  1944 | D:3      | Found a faded altar of an unknown god.
  2319 | D:4      | Noticed hotbaconsauce's ghost (amateur MiFi)
  2327 | D:4      | Found a runed translucent door.
  2665 | D:4      | Found a runed translucent door.
  2666 | D:4      | Noticed Crazy Yiuf
  2818 | D:4      | Reached skill level 6 in Axes
  2822 | D:4      | Reached XP level 6. HP: 51/53 MP: 5/5
  2891 | D:4      | Reached skill level 5 in Armour
  3007 | D:4      | Reached XP level 7. HP: 37/60 MP: 6/6
  3148 | D:4      | Reached skill level 7 in Axes
  3412 | D:5      | Entered Level 5 of the Dungeon
  3425 | D:5      | Reached skill level 5 in Shields
  3726 | D:5      | Found a burning altar of Makhleb.
  3785 | D:5      | Reached skill level 5 in Fighting
  3825 | D:5      | Found Vuaceubb's Distillery.
  3994 | D:5      | Reached skill level 8 in Axes
  4107 | D:5      | HP: 3/61 [orc priest/divine providence (13)]
  4107 | D:5      | Slain by a water moccasin

Illustrated notes

Levels and vault maps discovered:
D:1:      beargit_arrival_greenhouse, layout_basic, serial_shops, shop
D:2:      layout_rooms, st_stairs_11, minmay_door_square, minmay_quantized
D:3:      wad_lake_hut, layout_basic, ebering_ecumenical_altar_hall,
          serial_shops, nicolae_shop_temple_entry_statues_fountains,
          gammafunk_ghost_icy, minmay_tree_intersection,
          minmay_misc_feat_enclosed, uniq_jessica
D:4:      minmay_chambers_of_threes, layout_basic,
          hellmonk_ghost_happy_afterlife, uniq_crazy_yiuf_cottage
D:5:      layout_loops_ring, marbit_many_paths, serial_shops, shop

Skill      XL: |  1  2  3  4  5  6  7 |
---------------+----------------------+-----
Fighting       | 4 5 |  5.0
Armour         | 4 5 6 |  6.0
Shields        | 4 5 |  5.1
Axes           | 3 5 6 8 |  8.1
Dodging        | |  0.2
Stealth        | |  0.2

Action                     |  1- 3 |  4- 6 |  7- 9 || total
---------------------------+-------+-------+-------++-------
  Melee: War axe           |    81 |    81 |    67 ||   229
         Headbutt          |    11 |    13 |    13 ||    37
 Armour: Scale mail        |     7 |       |       ||     7
         Plate armour      |    29 |    66 |    41 ||   136
  Dodge: Dodged            |    13 |    31 |    23 ||    67
  Block: Buckler           |    16 |    27 |    13 ||    56

Table legend: (Time is in decaauts)
 A = Elapsed time spent in this place.
 B = Non-inter-level travel time spent in this place.
 C = Inter-level travel time spent in this place.
 D = Time resting spent in this place.
 E = Time spent auto-exploring this place.
 F = Levels seen in this place.
 G = Mean time per level.
                   A        B        C        D        E       F      G
               +--------+--------+--------+--------+--------+-----+--------+
         Total |   4213 |   4027 |    186 |      0 |   3447 |   5 |  842.6 |
       Dungeon |   4213 |   4027 |    186 |      0 |   3447 |   5 |  842.6 |
               +--------+--------+--------+--------+--------+-----+--------+

Top non-repeatable levels by time:
     D:4: 1294 daAuts
     D:3: 985 daAuts
     D:1: 767 daAuts
     D:2: 589 daAuts
     D:5: 577 daAuts
